cohdb
Replays
Latest Replays
All Replays
Popular Replays
Top Player Replays
Match Explorer
How It Works
Community
CoH3 Stats
Reddit
Sign in to upload your games and track your stats! →
Sign in with Steam
Whizbang kinda bussin rn frfr
Match 11499648
Overview
Messages
Build Orders
End
Panzergrenadier Squad
Selects Italian Combined Arms Battlegroup
Panzergrenadier Squad
Construct Light Support Kompanie
MG34 Team
Grenade Package
Selects Bersaglieri Squad
Selects Vehicle Support - Secure Location
2.5-tonne Medical Truck
Fire Support Elements
le.IG 18 Mechanized Group
Pak 38 Anti-tank Gun Team
Veteran Squad Leaders
Selects Breda Model 30 Light Machine Guns
2.5-tonne Medical Truck
Panzergrenadier Squad
Selects Semovente da 75/18 Assault Gun
Pak 38 Mechanized Group
Construct Panzerarmee Kommand
Selects Strafing Run
Selects Pact of Steel
Walking Stuka Rocket Launcher
Walking Stuka Rocket Launcher
Strafing Run
Armored Reserves
Panzer IV Assault Group
Strafing Run
Tiger Heavy Tank
Strafing Run
Emergency Repair Kits
Strafing Run
Rapid Advance
Strafing Run
地狱猫小姐可爱捏
Albert Graf von ABC
我小叮当今晚要搞事!
[HAN]Warmer
泥头船
oki
SHRIMPLE
INDIRECTHAWK
0
0
Comments
sign in to comment!
No comments posted yet!